 Dungeon Crawl Stone Soup version 0.17.0-28-g6e173f8 (webtiles) character file.

420 homeworkjunkie the Covert (level 6, -11/30 HPs)
             Began as a Spriggan Assassin on Nov 23, 2015.
             Mangled by Pikel
             ... wielding a +0 whip of electrocution
              (20 damage)
             ... on level 4 of the Dungeon.
             The game lasted 00:07:21 (3596 turns).

homeworkjunkie the Covert (Spriggan Assassin)       Turns: 3596, Time: 00:07:23

Health: -11/30     AC:  3    Str:  7    XL:     6   Next: 62%
Magic:  7/7        EV: 22    Int: 12    God:
Gold:   173        SH:  0    Dex: 20    Spells: 0 memorised, 5 levels left

rFire  . . .     SeeInvis +     a - +2 dagger
rCold  . . .     Clarity  .     c - +0 robe
rNeg   . . .     SustAt   .     (shield restricted)
rPois  .         Gourm    .     (helmet restricted)
rElec  .         Spirit   .     d - +0 cloak
rCorr  .         Warding  .     (gloves unavailable)
rMut   .         Stasis   .     (boots unavailable)
MR     ++...                    j - amulet of regeneration
Stlth  +++++.....               (no ring)
                                q - ring of protection from magic

@: very quick, very resistant to hostile enchantments, quite stealthy
A: unfitting armour, see invisible, herbivore 3, speed 3, slow metabolism 2
a: no special abilities


You were on level 4 of the Dungeon.
You were not hungry.

You visited 1 branch of the dungeon, and saw 4 of its levels.

You collected 173 gold pieces.

Inventory:

Hand Weapons
 a - a +2 dagger (weapon)
 b - a +0 blowgun
Missiles
 e - 7 poisoned needles
 f - 2 curare-tipped needles
 l - 18 sling bullets of flame
 u - 7 tomahawks of returning (quivered)
 v - 38 sling bullets
Armour
 c - a +0 robe (worn)
 d - a +0 cloak (worn)
Jewellery
 j - an amulet of regeneration (around neck)
 q - a ring of protection from magic (left hand)
Scrolls
 h - 4 scrolls of remove curse
 s - a scroll of identify
Potions
 i - 3 potions of lignification {unknown}
 k - a potion of agility {unknown}
 n - 2 potions of magic {unknown}
 o - a potion of haste {unknown}
 p - a potion of heal wounds {unknown}
 t - 2 potions of curing
 w - a potion of degeneration {unknown}
Comestibles
 g - 2 bread rations
 m - 2 slices of pizza
 r - 3 fruits


   Skills:
 * Level 2.3 Fighting
 * Level 2.6 Short Blades
 * Level 2.9 Throwing
 * Level 5.4 Dodging
 * Level 9.4 Stealth


You had 5 spell levels left.
You didn't know any spells.

Dungeon Overview and Level Annotations

Branches:
Dungeon (4/15)
 Temple: D:4-7

Altars:
Ashenzari
Elyvilon
Gozag

Annotations:
D:4 Pikel


Innate Abilities, Weirdness & Mutations

You are tiny and cannot use many weapons and most armour.
You have supernaturally acute eyesight.
You are a herbivore.
You cover ground extremely quickly.
You need consume almost no food.


Message History

Press: ? - help, Shift-Dir - straight line, f/p - Pikel
Aim: Pikel, wielding a whip of electrocution and wearing a robe (heavily wounded, poisoned)
You shoot a poisoned needle. The poisoned needle hits Pikel!
Pikel is heavily wounded.
Wield which item (- for none, * to show all)? (? for menu, Esc to quit)
a - a +2 dagger (weapon)
You miss Pikel.
Pikel is heavily wounded.
Pikel completely misses you.
You completely miss Pikel.
Pikel is heavily wounded.
Pikel barely misses you.
The slave shouts! x2
You hit Pikel but do no damage.
Pikel is heavily wounded.
Pikel hits you with a whip of electrocution!
* * * LOW HITPOINT WARNING * * *
You are electrocuted!
Ouch! That really hurt!
You die...

##.##.#
#..#(# .
#p#(# ..
#..(# ##.###
##.p# ....<#
##.p########
..?###
#...(.......
..
#..(K(...(..
.
+$.>@.).....
#...........
#...........
#...........
#...........
#...........
#...........
#...........
#...........


You could see Pikel and 3 slaves.

Vanquished Creatures
  Eustachio (D:4)
  An orc priest (D:4)
  An orc wizard (D:4)
  9 adders
  4 gnolls (D:3)
  4 worms
  4 orcs
  7 giant cockroaches
  14 hobgoblins
  7 jackals
  10 kobolds
  2 quokkas
  7 bats
  A giant gecko (D:4)
  A giant newt (D:1)
  10 goblins
  8 rats
91 creatures vanquished.

Vanquished Creatures (others)
  A minotaur (D:1)
  A draconian (D:1)
  A vine stalker (D:1)
  An elf (D:1)
  A troll (D:1)
  A spriggan (D:1)
  2 vampires (D:1)
  An ogre (D:1)
  2 dwarves (D:1)
  A mummy (D:1)
  3 kobolds (D:1)
  5 tentacles (D:1)
  88 tentacle segments (D:1)
108 creatures vanquished.

Grand Total: 199 creatures vanquished

Notes
Turn   | Place    | Note
--------------------------------------------------------------
     0 | D:1      | homeworkjunkie the Spriggan Assassin began the quest for the Orb.
     0 | D:1      | Reached XP level 1. HP: 10/10 MP: 2/2
     2 | D:1      | Noticed a minotaur
     2 | D:1      | Noticed a dwarf
     2 | D:1      | Noticed a vampire
     2 | D:1      | Noticed a spriggan
     2 | D:1      | Noticed a vampire
     2 | D:1      | Noticed a draconian
     2 | D:1      | Noticed a kraken
     2 | D:1      | Noticed a vine stalker
     2 | D:1      | Noticed a troll
     2 | D:1      | Noticed an elf
     2 | D:1      | Noticed a dwarf
     2 | D:1      | Noticed an ogre
     5 | D:1      | Killed a dwarf
     5 | D:1      | Killed an elf
     6 | D:1      | Killed an ogre
     7 | D:1      | Killed a minotaur
     8 | D:1      | Killed a vampire
    10 | D:1      | Killed a dwarf
    11 | D:1      | Killed a troll
    14 | D:1      | Killed a draconian
    14 | D:1      | Killed a vine stalker
    17 | D:1      | Killed a vampire
    20 | D:1      | Killed a spriggan
    21 | D:1      | Found a shattered altar of Ashenzari.
    29 | D:1      | Reached skill level 6 in Stealth
    72 | D:1      | Reached XP level 2. HP: 12/14 MP: 3/3
  1402 | D:3      | Reached skill level 7 in Stealth
  1402 | D:3      | Reached XP level 3. HP: 18/18 MP: 4/4
  1752 | D:3      | Found a white marble altar of Elyvilon.
  1800 | D:4      | Noticed an ogre
  1801 | D:4      | Reached XP level 4. HP: 23/23 MP: 5/5
  1802 | D:4      | Reached skill level 8 in Stealth
  1804 | D:4      | Noticed a slave
  1842 | D:3      | Reached XP level 5. HP: 15/26 MP: 6/6
  2487 | D:3      | Reached skill level 9 in Stealth
  3190 | D:2      | Reached XP level 6. HP: 30/30 MP: 7/7
  3223 | D:2      | Found an opulent altar of Gozag.
  3516 | D:4      | Noticed a slave
  3518 | D:4      | Noticed Pikel
  3523 | D:4      | Noticed a slave
  3524 | D:4      | Noticed a slave
  3553 | D:4      | Noticed Eustachio
  3583 | D:4      | Killed Eustachio
  3583 | D:4      | Reached skill level 5 in Dodging
  3596 | D:4      | Mangled by Pikel

Action                   |  1- 3 |  4- 6 || total
-------------------------+-------+-------++-------
Melee: Dagger            |    87 |   178 ||   265
 Fire: Blowgun           |       |    42 ||    42
  Use: Scroll            |       |     8 ||     8
 Stab: Sleeping          |    19 |    20 ||    39
       Distracted        |       |     1 ||     1
  Eat: Fruit             |       |     3 ||     3
